 Dungeon Crawl Stone Soup version 0.27-a0-148-g9515ab555c (webtiles) character file.

Game seed: 7343916793561916176

81 knot the Chopper (level 4, 25/52 HPs)
             Began as a Demonspawn Berserker on Jan 27, 2021.
             Was a Believer of Trog.
             Quit the game on level 2 of the Dungeon.
             The game lasted 00:02:20 (2174 turns).

knot the Chopper (Demonspawn Berserker)             Turns: 2174, Time: 00:02:21

Health: 25/52      AC:  8    Str: 17    XL:     4   Next: 19%
Magic:  4/4        EV:  8    Int: 10    God:    Trog [**....]
Gold:   148        SH:  0    Dex: 12    Spells: 3/3 levels left

rFire    . . .     SeeInvis .   a - +0 hand axe
rCold    . . .     Faith    .   (no shield)
rNeg     . . .     Spirit   .   n - +0 chain mail
rPois    .         Reflect  .   (helmet restricted)
rElec    .         Harm     .   (no cloak)
rCorr    .         Rampage  .   (no gloves)
Will     ++...                  (no boots)
Stlth    ..........             (no amulet)
HPRegen  1.17/turn              (no ring)
MPRegen  0.09/turn              (no ring)

@: berserking, regenerating, very quick
A: antennae 1, powered by pain 1, sturdy frame 1
a: Renounce Religion, Berserk, Trog's Hand


You were on level 2 of the Dungeon.
You worshipped Trog.
Trog was pleased with you.
You visited 1 branch of the dungeon, and saw 2 of its levels.

You collected 148 gold pieces.

Inventory:

Hand Weapons
 a - a +0 hand axe (weapon)
Missiles
 i - 10 stones
Armour
 n - a +0 chain mail (worn)
Jewellery
 h - an uncursed ring of resist corrosion {unknown}
Scrolls
 d - 3 scrolls of identify {unknown}
 e - 2 scrolls of remove curse {unknown}
 f - a scroll of immolation {unknown}
 g - a scroll of amnesia {unknown}
 j - 2 scrolls of fear {unknown}
 l - a scroll of enchant weapon {unknown}
Potions
 c - 2 potions of curing {unknown}
 k - a potion of heal wounds {unknown}
 m - a potion of might {unknown}


   Skills:
 - Level 3.0 Fighting
 + Level 4.6 Axes
 - Level 1.7 Armour
 - Level 1.7 Dodging


You had 3 spell levels left.
You didn't know any spells.
Your spell library was empty.

Dungeon Overview and Level Annotations

Branches:
Dungeon (2/15)

Altars:


Innate Abilities, Weirdness & Mutations

You have a pair of small antennae on your head.
You sometimes gain a little power by taking damage.
Your movements are slightly less encumbered by armour. (ER -2)


Message History

The quokka bites you but does no damage.
Jessica hits you with a +0 hand axe.
Your skin crawls.
You feel strong-willed. The quokka bites you.
A red film seems to cover your vision as you go berserk!
You feel yourself moving faster!
You feel mighty! The quokka bites you.
Jessica zaps a wand.
The puff of flame hits you! The quokka barely misses you.
You are too injured to fight recklessly!
You are too injured to fight recklessly!
You are too injured to fight recklessly!
You slash Jessica!
You kill Jessica!
Trog accepts your kill.
Trog appreciates your killing of a magic user.
You hit the quokka.
You have reached level 4!
You feel clever.
Your demonic ancestry asserts itself...
You feel energised by your suffering.
Are you sure you want to abandon this character and quit the game? (Confirm with "yes".)

..# #### ...### .... +.....
##+##.##.# #....
....#.##.###..#####
......##.##..##...##
....####.....#?)..?#
.........#...#.)r..#
##.#######...#:.@..# #.#
#.##..##...## . .. #.#
#......##'##..########.. #'#
##............###........ ...
.................+........
....#########.######.##........
....# #.#......##........ ....#
#.#.###...#........ ....#
#.#...#.#†#........#


You could see a quokka.

Vanquished Creatures
  Jessica (D:2)
  An adder (D:2)
  A dart slug (D:1)
  5 leopard geckos
  A ball python (D:1)
  4 bats
  A giant cockroach (D:1)
  A hobgoblin (D:2)
  2 jackals (D:1)
  5 frilled lizards
  7 goblins
  5 kobolds (D:1)
  4 rats
38 creatures vanquished.

Notes
Turn   | Place    | Note
-------+----------+-------------------------------------------
     0 | D:1      | knot the Demonspawn Berserker began the quest for the Orb.
     0 | D:1      | Reached XP level 1. HP: 18/18 MP: 1/1
   119 | D:1      | Reached skill level 3 in Axes
   392 | D:1      | Gained mutation: You have a pair of small antennae on your
                  | head. [demonic ancestry]
   392 | D:1      | Reached XP level 2. HP: 24/24 MP: 2/2
   804 | D:1      | Reached ** piety under Trog
  1113 | D:1      | Gained mutation: Your movements are slightly less
                  | encumbered by armour. (ER -2) [demonic ancestry]
  1113 | D:1      | Reached XP level 3. HP: 26/29 MP: 3/3
  1573 | D:2      | Reached skill level 4 in Axes
  2167 | D:2      | Noticed Jessica
  2173 | D:2      | Killed Jessica
  2174 | D:2      | Gained mutation: You sometimes gain a little power by
                  | taking damage. [demonic ancestry]
  2174 | D:2      | Reached XP level 4. HP: 25/35 MP: 4/4
  2174 | D:2      | Quit the game

Illustrated notes

Levels and vault maps discovered:
D:1:      dpeg_arrival_line_fractal, layout_basic
D:2:      layout_basic, grunt_temple_overflow_order_and_chaos_1,
          kennysheep_jessica_study

Skill      XL: |  1  2  3 |
---------------+----------+-----
Axes           | 3 4 |  4.6
Fighting       | |  3.0
Armour         | |  1.7
Dodging        | |  1.7

Action                   |  1- 3 |  4- 6 || total
-------------------------+-------+-------++-------
Melee: Hand axe          |   109 |       ||   109
Invok: Berserk           |     6 |       ||     6
       Trog's Hand       |     1 |       ||     1
Armor: Animal skin       |    26 |       ||    26
       Chain mail        |     1 |       ||     1
Dodge: Dodged            |    97 |       ||    97

Table legend: (Time is in decaauts)
 A = Elapsed time spent in this place.
 B = Non-inter-level travel time spent in this place.
 C = Inter-level travel time spent in this place.
 D = Time resting spent in this place.
 E = Time spent auto-exploring this place.
 F = Levels seen in this place.
 G = Mean time per level.
                   A        B        C        D        E       F      G
               +--------+--------+--------+--------+--------+-----+--------+
         Total |   2238 |   2176 |     62 |    970 |    889 |   2 | 1119.0 |
       Dungeon |   2238 |   2176 |     62 |    970 |    889 |   2 | 1119.0 |
               +--------+--------+--------+--------+--------+-----+--------+

Top non-repeatable levels by time:
     D:1: 1587 daAuts
     D:2: 651 daAuts
